 Dungeon Crawl Stone Soup version 0.28-a0-1435-g82390b3a13 (webtiles) character file.

Game seed: 4552671497668212359

76 knot the Chopper (level 4, 7/52 HPs)
             Began as a Demonspawn Berserker on Jan 10, 2022.
             Was a Believer of Trog.
             Quit the game on level 2 of the Dungeon.
             The game lasted 00:01:55 (1821 turns).

knot the Chopper (Demonspawn Berserker)             Turns: 1821, Time: 00:01:55

Health: 7/52       AC:  2    Str: 17    XL:     4   Next: 12%
Magic:  4/4        EV: 12    Int: 10    God:    Trog [**....]
Gold:   56         SH:  0    Dex: 13    Spells: 3/3 levels left

rFire   . . .      SeeInvis .   a - +0 hand axe
rCold   . . .      Faith    .   (no shield)
rNeg    . . .      Spirit   .   b - +0 animal skin
rPois   .          Reflect  .   (no helmet)
rElec   .          Harm     .   (no cloak)
rCorr   .          Rampage  .   (no gloves)
Will    .....                   (no boots)
Stlth   ..........              (no amulet)
HPRegen 0.17/turn               (no ring)
MPRegen 0.09/turn               (no ring)

@: berserking, seriously poisoned (7 -> 2), very quick
A: spiny 1, demonic touch 1
a: Renounce Religion, Berserk, Trog's Hand


You were on level 2 of the Dungeon.
You worshipped Trog.
Trog was pleased with you.
You visited 1 branch of the dungeon, and saw 3 of its levels.

You collected 56 gold pieces.

Inventory:

Hand Weapons
 a - a +0 hand axe (weapon)
Missiles
 d - 63 stones (quivered)
 k - 8 poisoned darts
Armour
 b - a +0 animal skin (worn)
Scrolls
 h - a scroll of amnesia {unknown}
Potions
 c - 2 potions of heal wounds {unknown}
 e - a potion of resistance {unknown}
 f - a potion of might {unknown}
 g - 2 potions of curing {unknown}
 i - a potion of invisibility {unknown}
 j - a potion of ambrosia {unknown}


   Skills:
 - Level 3.0 Fighting
 + Level 4.5 Axes
 - Level 1.7 Armour
 - Level 1.7 Dodging


You had 3 spell levels left.
You didn't know any spells.
Your spell library contained the following spells:

 Spells                   Type           Power      Damage    Failure   Level
 Ensorcelled Hibernation  Hex/Ice        0%         N/A       50%         2
 Ignite Poison            Fire/Tmut/Pois 0%         N/A       75%         3
 Mephitic Cloud           Conj/Pois/Air  0%         N/A       75%         3
 Tukima's Dance           Hex            0%         N/A       75%         3
 Animate Dead             Necr           0%         N/A       98%         4
 Borgnjor's Vile Clutch   Necr/Erth      0%         N/A       100%        5
 Freezing Cloud           Conj/Ice/Air   0%         6-21      100%        5
 Death Channel            Necr           0%         N/A       100%        6
 Enfeeble                 Hex            0%         N/A       100%        7


Dungeon Overview and Level Annotations

Branches:
Dungeon (3/15)

Altars:


Innate Abilities, Weirdness & Mutations

You are partially covered in sharp spines.
Your touch may inflict minor irresistible damage on your foes.


Message History

A dart slug comes into view.
The adder bites you but does no damage. The dart slug launches a dart at you.
The slug dart hits you. The dart slug launches a dart at you.
The slug dart hits you.
* * * LOW HITPOINT WARNING * * *
The dart slug launches a dart at you. The slug dart misses you.
The jackal bites you but does no damage.
The adder barely misses you. The jackal closely misses you.
The dart slug launches a dart at you. The slug dart misses you.
You climb upwards.
There is a stone staircase leading down here.
A red film seems to cover your vision as you go berserk!
You feel yourself moving faster!
You feel mighty!
You can no longer call upon Trog for regeneration and willpower.
The adder bites you.
* * * LOW HITPOINT WARNING * * *
The jackal bites you.
* * * LOW HITPOINT WARNING * * *
The adder bites you.
* * * LOW HITPOINT WARNING * * *
You are poisoned.
The adder poisons you!
You slash the adder!
You feel the power of Trog in you as your rage grows.
You kill the adder!
Trog accepts your kill.
You slash the jackal!
You kill the jackal!
Trog accepts your kill.
You can now call upon Trog for regeneration and willpower.
* * * LOW HITPOINT WARNING * * *
You feel sick.
You have reached level 4!
You feel agile.
Your demonic ancestry asserts itself...
Sharp spines emerge from parts of your body.
Are you sure you want to abandon this character and quit the game? (Confirm with "yes".)

############ #..........#
#..........# #..........#
#..........#
#..........#######
#................##
###########.@†...............
#..........†.........#<......
#............###.###.#.......
#............# #.# #.#.......
#........[...# #.# #.#...>...
#............###.###.........
#...................##.......
#.............)........######
#............)......#### #


There were no monsters in sight!

Vanquished Creatures
  3 adders (D:2)
  A worm (D:2)
  A dart slug (D:1)
  3 endoplasms
  2 giant cockroaches
  2 goblins (D:1)
  A hobgoblin (D:2)
  7 jackals
  2 quokkas (D:1)
  8 ball pythons
  2 bats
  2 frilled lizards
  6 kobolds
  3 rats
43 creatures vanquished.

Vanquished Creatures (others)
  4 demonic plants (D:1)
  3 fungi (D:1)
  2 plants (D:1)
  A withered plant (D:1)
10 creatures vanquished.

Grand Total: 53 creatures vanquished

Notes
Turn   | Place    | Note
-------+----------+-------------------------------------------
     0 | D:1      | knot the Demonspawn Berserker began the quest for the Orb.
     0 | D:1      | Reached XP level 1. HP: 18/18 MP: 1/1
    55 | D:1      | Reached skill level 3 in Axes
   144 | D:1      | Gained mutation: Your touch may inflict minor irresistible
                  | damage on your foes. [demonic ancestry]
   144 | D:1      | Reached XP level 2. HP: 24/24 MP: 2/2
   273 | D:1      | Found a faded altar of an unknown god.
   787 | D:2      | Reached XP level 3. HP: 17/29 MP: 3/3
   794 | D:2      | Reached skill level 4 in Axes
  1461 | D:2      | Reached ** piety under Trog
  1821 | D:2      | Gained mutation: You are partially covered in sharp spines.
                  | [demonic ancestry]
  1821 | D:2      | Reached XP level 4. HP: 7/35 MP: 4/4
  1821 | D:2      | Quit the game

Illustrated notes

Levels and vault maps discovered:
D:1:      tarquinn_simple_flora_water_f, layout_loops_ring,
          shapermc_ecumenical_altar_gd, minmay_surrounded
D:2:      layout_basic
D:3:      kennysheep_slugbush, layout_basic

Skill      XL: |  1  2  3 |
---------------+----------+-----
Axes           | 3 4 |  4.5
Fighting       | |  3.0
Armour         | |  1.7
Dodging        | |  1.7

Action                   |  1- 3 |  4- 6 || total
-------------------------+-------+-------++-------
Melee: Hand axe          |    87 |       ||    87
       Touch             |    14 |       ||    14
Invok: Berserk           |     3 |       ||     3
       Trog's Hand       |     1 |       ||     1
Armor: Animal skin       |    15 |       ||    15
Dodge: Dodged            |    66 |       ||    66

Table legend: (Time is in decaauts)
 A = Elapsed time spent in this place.
 B = Non-inter-level travel time spent in this place.
 C = Inter-level travel time spent in this place.
 D = Time resting spent in this place.
 E = Time spent auto-exploring this place.
 F = Levels seen in this place.
 G = Mean time per level.
                   A        B        C        D        E       F      G
               +--------+--------+--------+--------+--------+-----+--------+
         Total |   1851 |   1730 |    121 |     78 |   1432 |   3 |  617.0 |
       Dungeon |   1851 |   1730 |    121 |     78 |   1432 |   3 |  617.0 |
               +--------+--------+--------+--------+--------+-----+--------+

Top non-repeatable levels by time:
     D:1: 1344 daAuts
     D:2: 501 daAuts
     D:3: 6 daAuts
